 Dungeon Crawl Stone Soup version 0.28-a0-697-g47f3eba078 (webtiles) character file.

Game seed: 18431339919002580563

672 jasper the Slasher (level 7, -7/58 HPs)
             Began as a Demigod Fighter on Oct 23, 2021.
             Mangled by an orc warrior (15 damage)
             ... on level 5 of the Dungeon.
             The game lasted 00:06:09 (4278 turns).

jasper the Slasher (Demigod Fighter)                Turns: 4278, Time: 00:06:10

Health: -7/58      AC:  8    Str: 27    XL:     7   Next: 10%
Magic:  9/9        EV: 11    Int: 10    God:
Gold:   141        SH:  0    Dex: 13    Spells: 6/6 levels left

rFire   . . .      SeeInvis .   p - +4 quarterstaff "Bostuet" {vorpal, Str+2}
rCold   . . .      Faith    .   (shield currently unavailable)
rNeg    . . .      Spirit   .   b - +0 scale mail
rPois   .          Reflect  .   (no helmet)
rElec   .          Harm     .   o - +0 cloak
rCorr   .          Rampage  .   (no gloves)
Will    .....                   (no boots)
Stlth   ..........              (no amulet)
HPRegen 0.19/turn               (no ring)
MPRegen 0.11/turn               (no ring)

@: mighty
A: high mp 1, forlorn
a: no special abilities


You were on level 5 of the Dungeon.
You visited 1 branch of the dungeon, and saw 5 of its levels.

You collected 141 gold pieces.

Inventory:

Hand Weapons
 a - a +0 rapier
 e - a +0 dagger of holy wrath
 p - the +4 quarterstaff "Bostuet" (weapon) {vorpal, Str+2}
   (You found it on level 5 of the Dungeon)

   It inflicts extra damage upon your enemies.
   Str:       It affects your strength (+2).
Missiles
 g - 2 silver javelins
 j - 84 stones (quivered)
Armour
 b - a +0 scale mail (worn)
 c - a +0 buckler
 o - a +0 cloak (worn)
Jewellery
 h - a ring of ice
Scrolls
 f - 2 scrolls of identify
 n - a scroll of magic mapping
 q - a scroll of enchant armour {unknown}
Potions
 k - 2 potions of magic
 l - 2 potions of degeneration
 m - 2 potions of haste


   Skills:
 + Level 3.9 Fighting
 - Level 1.7(3.2) Short Blades
 * Level 4.1(4.3) Long Blades
 + Level 4.0 Armour
 + Level 2.7 Dodging
 + Level 3.9 Shields


You had 6 spell levels left.
You didn't know any spells.
Your spell library was empty.

Dungeon Overview and Level Annotations

Branches:
Dungeon (5/15)
 Temple: D:4-7


Innate Abilities, Weirdness & Mutations

Your attributes grow dramatically as you level up.
You have an increased reservoir of magic. (+10% MP)
You shall have no god before yourself.


Message History

You feel very sick.
You take 3 damage, and have 20/58 hp.
You feel sick.
You take 2 damage, and have 18/58 hp.
You feel sick.
There is a stone staircase leading up here.
You take 1 damage, and have 17/58 hp.
You start resting.
You feel sick. x6
You are no longer poisoned.
You take 6 damage, and have 11/58 hp.
You start resting.
An orc warrior comes into view. It is wielding a +0 halberd.
The orc warrior drinks a potion.
The orc warrior seems to speed up.
You climb upwards.
The ogre shouts!
The adder hisses angrily.
The ball python hisses angrily.
You hear a shout!
Found a robe.
There is a stone staircase leading down here.
You climb downwards.
The orc warrior throws a stone.
The stone hits you.
* * * LOW HITPOINT WARNING * * *
There is a stone staircase leading up here.
You take 1 damage, and have 10/58 hp.
Okay, then.
You aren't carrying any items that you can evoke.
You feel better.
The orc warrior throws a stone.
The stone hits you!
* * * LOW HITPOINT WARNING * * *
You take 1 damage, and have 9/58 hp.
You feel better.
You regained 7 hp, and now have 16/58 hp.
You feel very mighty all of a sudden. The orc warrior barely misses you.
An orc wizard comes into view.
It is wielding a +0 long sword and carrying a wand of acid (11).
The orc warrior throws a stone.
The stone hits you!
* * * LOW HITPOINT WARNING * * *
You take 9 damage, and have 7/58 hp.
As you read the scroll labelled XASSOT KYALAAT, it crumbles to dust.
You feel aware of your surroundings.
You sensed 2 altars.
It was a scroll of magic mapping.
The orc warrior hits you from afar with a +0 halberd!
You die...

...8.......# ###################
...8.......# #..................
...........# #............######
888}888....####............#
#ā‰ˆPā‰ˆ
888.888........###.........# ####
...............###.........#
..........................<#
##################.........#
##### ******** #@..........#*####
...>#**,,,,,,**#.................
###.#*,,,,,,,,*#..o$.......###*#.
###.#*,,,**,,,*###...####...,* ##
....#*,,****,,**,....# *...,* #
###.#*,,,* *,,**####.#***,,,,####
#.#*,_,* *,,**,,,,o#ā‰ˆ**,,,,....
###*,,,* *,,***,,,.#,**,,**####
***** *,,* *,,,.#ā‰ˆ**,,* #


You could see an orc warrior (fast) and an orc wizard.

Vanquished Creatures
  Prince Ribbit (D:5)
  A black bear (D:5)
  A centaur (D:5)
  A hound (D:3)
  A jelly (D:4)
  2 bullfrog skeletons (D:5)
  2 iguanas (D:5)
  An orc wizard (D:5)
  A gnoll (D:1)
  3 adders
  A white imp (D:5)
  4 dart slugs
  An orc (D:1)
  8 ball pythons
  3 endoplasms
  6 giant cockroaches
  8 goblins
  5 hobgoblins
  A jackal (D:5)
  3 quokkas
  3 bats
  A frilled lizard (D:1)
  3 kobolds
  11 rats
72 creatures vanquished.

Vanquished Creatures (others)
  3 fungi (D:5)
3 creatures vanquished.

Grand Total: 75 creatures vanquished

Notes
Turn   | Place    | Note
-------+----------+-------------------------------------------
     0 | D:1      | jasper the Demigod Fighter began the quest for the Orb.
     0 | D:1      | Reached XP level 1. HP: 18/18 MP: 3/3
   292 | D:1      | Reached XP level 2. HP: 20/25 MP: 4/4
   651 | D:1      | Reached skill level 1 in Long Blades
   884 | D:1      | Reached XP level 3. HP: 23/30 MP: 5/5
  1593 | D:2      | Reached skill level 1 in Dodging
  2535 | D:3      | Reached XP level 4. HP: 33/38 MP: 6/6
  2735 | D:3      | Noticed an ogre
  2931 | D:4      | Noticed an ogre
  3216 | D:5      | Entered Level 5 of the Dungeon
  3414 | D:5      | Noticed Prince Ribbit
  3431 | D:5      | Killed Prince Ribbit
  3432 | D:5      | Reached XP level 5. HP: 13/45 MP: 7/7
  3432 | D:5      | Reached XP level 6. HP: 15/51 MP: 8/8
  4022 | D:5      | Reached XP level 7. HP: 47/58 MP: 9/9
  4037 | D:5      | Identified the +4 quarterstaff "Bostuet" {vorpal, Str+2}
  4278 | D:5      | Mangled by an orc warrior

Illustrated notes

Levels and vault maps discovered:
D:1:      scummos_arrival_simple_fountains, layout_loops_ring,
          chequers_ecumenical_altar_twisty
D:2:      layout_rooms, basic_altar, st_stairs_12
D:3:      layout_loops_ring, minmay_statues_item
D:4:      layout_rooms, serial_undead, serial_undead_e, serial_undead_a,
          serial_undead_f, serial_undead_b, minmay_crystal_water,
          kennysheep_doodads, minmay_between
D:5:      layout_basic, tso_altar, mainiacjoe_overflow_surrounded_room,
          nicolae_hepliaklqana_hippocampus, serial_aquarium,
          aquarium_bridge_long_joined [aquarium_subvault_window,
          aquarium_subvault_window, aquarium_subvault_wall,
          aquarium_subvault_wall, aquarium_subvault_wall,
          aquarium_subvault_bridge], aquarium_bridge_straight
          [aquarium_subvault_bridge, aquarium_subvault_wall,
          aquarium_subvault_bridge, aquarium_subvault_wall], aquarium_window_1,
          aquarium_window_1, aquarium_window_1, aquarium_view_2b, st_stairs_12,
          hellmonk_bongcloud_opening, minmay_stone_trees_small,
          uniq_prince_ribbit1

Skill      XL: |  1  2  3  4  5  6  7 |
---------------+----------------------+-----
Long Blades    | 1 2 3 4 |  4.1
Shields        | 3 |  3.9
Armour         | 3 4 |  4.0
Fighting       | 3 |  3.9
Dodging        | 1 2 |  2.7
Short Blades   | |  1.7

Action                   |  1- 3 |  4- 6 |  7- 9 || total
-------------------------+-------+-------+-------++-------
Melee: Rapier            |   144 |    63 |       ||   207
       Quarterstaff      |       |       |    11 ||    11
Throw: Javelin           |     2 |       |       ||     2
       Stone             |    57 |    13 |       ||    70
  Use: Scroll            |     5 |     3 |     1 ||     9
       Potion            |       |     1 |     3 ||     4
Armor: Scale mail        |    42 |    41 |     2 ||    85
Dodge: Dodged            |    64 |    39 |     4 ||   107
Block: Buckler           |    30 |    19 |       ||    49

Table legend: (Time is in decaauts)
 A = Elapsed time spent in this place.
 B = Non-inter-level travel time spent in this place.
 C = Inter-level travel time spent in this place.
 D = Time resting spent in this place.
 E = Time spent auto-exploring this place.
 F = Levels seen in this place.
 G = Mean time per level.
                   A        B        C        D        E       F      G
               +--------+--------+--------+--------+--------+-----+--------+
         Total |   4317 |   4244 |     73 |    834 |   2501 |   5 |  863.4 |
       Dungeon |   4317 |   4244 |     73 |    834 |   2501 |   5 |  863.4 |
               +--------+--------+--------+--------+--------+-----+--------+

Top non-repeatable levels by time:
     D:1: 1381 daAuts
     D:5: 1067 daAuts
     D:2: 1033 daAuts
     D:3: 734 daAuts
     D:4: 101 daAuts
